[Event "Tuesday 23 January Rapid Engine Tour 12+1 Rounds 9 Starts 1600 ST"]
[Site "Infinity Chess"]
[Date "2018.1.23"]
[Round "4"]
[White "Wolle"]
[Black "hafaba"]
[Result "1/2-1/2"]
[ECO "B00"]
[WhiteElo "2480"]
[BlackElo "2417"]
[WhiteEngine "Raubfisch X37a2_CTG"]
[BlackEngine "Stockfish SL FA POPCNT_CTG"]
[EventType "Swiss"]
[WhiteTeam ""]
[BlackTeam ""]
[PlyCount "127"]
[TimeControl "720+1"]

1. e4 Nc6 2. Nf3 e5 3. Bc4 Nf6 4. d3 Bc5 5. c3 a5 6. O-O d6 7. Bg5 h6 8. Bh4 g5 
9. Bg3 O-O 10. Nbd2 Rb8 11. Bb3 Ba7 12. Nc4 b5 13. Ne3 a4 14. Bc2 Bd7 
15. Re1 Re8 16. h3 Bxe3 17. fxe3 Ne7 18. Nh2 Ng6 19. b3 axb3 20. Bxb3 Kg7 
21. Rf1 Be6 22. Rb1 c5 23. Bxe6 Rxe6 24. Ng4 Nxg4 25. Qxg4 Ra8 26. Rxb5 Rxa2 
27. c4 Re7 28. Qd1 Rea7 29. Be1 Ra1 30. Qg4 R1a3 31. Qe2 Ra2 32. Rb2 Rxb2 
33. Qxb2 Qe7 34. Qc2 Ra3 35. Bc3 Qa7 36. Bb2 Ra2 37. Rf2 Ra6 38. Qe2 Qb7 
39. Kh2 Qd7 40. Qf3 Qe7 41. Qd1 Rb6 42. Bc3 Qb7 43. Qf3 Rb3 44. Ba5 Rb2 
45. Bd8 Kg8 46. Bf6 Nh4 47. Qg3 Kh7 48. Bd8 Kg6 49. Rf6+ Kg7 50. Rf2 Kh7 
51. Kg1 Rc2 52. Bxg5 hxg5 53. Qxg5 Ng6 54. Rf6 Kg7 55. Kh2 Qb1 56. h4 Qe1 
57. Rxg6+ fxg6 58. Qe7+ Kh8 59. Qf8+ Kh7 60. Qe7+ Kh6 61. Qg5+ Kh7 62. Qe7+ Kh6 
63. Qg5+ Kh7 64. Qe7+ 1/2-1/2

[Event "Tuesday 23 January Rapid Engine Tour 12+1 Rounds 9 Starts 1600 ST"]
[Site "Infinity Chess"]
[Date "2018.1.23"]
[Round "4"]
[White "Dinkelberger"]
[Black "Dovahkiin"]
[Result "1/2-1/2"]
[ECO "C00"]
[WhiteElo "2378"]
[BlackElo "2426"]
[WhiteEngine "stockfish_18011309_x64_modern_CTG"]
[BlackEngine "BrainFish_180113_x64_modern_CTG"]
[EventType "Swiss"]
[WhiteTeam ""]
[BlackTeam ""]
[PlyCount "77"]
[TimeControl "720+1"]

1. e4 e6 2. Nf3 d5 3. exd5 exd5 4. d4 Nf6 5. Bd3 Bd6 6. O-O O-O 7. Bg5 Bg4 
8. h3 Bh5 9. Nbd2 c5 10. dxc5 Bxc5 11. c3 Nbd7 12. Bf4 Rc8 13. Nb3 Bb6 
14. Re1 Nc5 15. Nxc5 Bxc5 16. Bg3 Re8 17. Rxe8+ Qxe8 18. Bf5 Rc6 19. Bh4 Bb6 
20. g4 Bg6 21. Bxg6 hxg6 22. a4 a5 23. Kg2 Rd6 24. Bg3 Re6 25. Qb3 Ne4 
26. Re1 Qd7 27. Qd1 g5 28. Nd4 Bxd4 29. Qxd4 Qc6 30. Rd1 Nf6 31. Be5 Nd7 
32. Bg3 Nc5 33. b4 Nxa4 34. bxa5 Nb2 35. Rd2 Nc4 36. Rd3 Nb2 37. Rd2 Nc4 
38. Rd3 Nb2 39. Rd2 1/2-1/2

[Event "Tuesday 23 January Rapid Engine Tour 12+1 Rounds 9 Starts 1600 ST"]
[Site "Infinity Chess"]
[Date "2018.1.23"]
[Round "4"]
[White "Longin"]
[Black "Ninja_Bp"]
[Result "1/2-1/2"]
[ECO "C55"]
[WhiteElo "2450"]
[BlackElo "2433"]
[WhiteEngine "S_XPrO.251117.x64.POPCNT_CTG"]
[BlackEngine "Houdini 6_CTG"]
[EventType "Swiss"]
[WhiteTeam ""]
[BlackTeam ""]
[PlyCount "164"]
[TimeControl "720+1"]

1. e4 e5 2. Nf3 Nc6 3. Bc4 Nf6 4. d3 Bc5 5. O-O d6 6. c3 a6 7. Nbd2 b5 
8. Bb3 O-O 9. Re1 h6 10. Nf1 Bb6 11. Ng3 Na5 12. Bc2 c5 13. Nh4 Nc6 14. Nhf5 Ne7 
15. Qf3 Ng6 16. h3 Be6 17. Qe3 Nf4 18. Qf3 Ng6 19. Rd1 Ra7 20. Qe3 Nf4 
21. Qf3 Ng6 22. Bd2 Rc7 23. Qe3 Nf4 24. Qf3 Ng6 25. a4 b4 26. a5 Ba7 
27. Ba4 bxc3 28. bxc3 c4 29. dxc4 Rxc4 30. Bb3 Rc8 31. c4 Rb8 32. Bc2 Kh7 
33. Be3 Bxe3 34. Qxe3 Qc7 35. Qa3 Bxc4 36. Qxd6 Qxd6 37. Nxd6 Rb2 38. Nxc4 Rxc2 
39. Ne3 Rc5 40. Rdb1 Nf4 41. Rb7 Ne6 42. Kh2 Rc3 43. Ra7 Nc5 44. Re1 Rd3 
45. Nc4 Rd7 46. Rxd7 Nfxd7 47. Rc1 Nb7 48. Nf5 Rc8 49. Rd1 Rd8 50. f3 f6 
51. Rb1 Rb8 52. Kg1 Nbc5 53. Nb6 Nd3 54. Rd1 N7c5 55. h4 h5 56. Rd2 Kh8 
57. Ne7 Rd8 58. Nbd5 Rb8 59. Nb6 Rd8 60. Rc2 Rd4 61. Ned5 Kg8 62. Rc3 Kf7 
63. Kf1 Ne6 64. Rc6 Ndc5 65. Kf2 Rd2+ 66. Kg3 Ra2 67. Nc4 Kg8 68. Nde3 Kf7 
69. Nd5 Kg8 70. Rc8+ Kh7 71. Rc6 Rc2 72. Nde3 Rc3 73. Kf2 Nd3+ 74. Kg1 Ndc5 
75. g3 Rc1+ 76. Kg2 Re1 77. Nd5 Re2+ 78. Kg1 Rc2 79. Nce3 Ra2 80. Nc4 Rc2 
81. Nce3 Ra2 82. Nc4 Rc2 1/2-1/2

[Event "Tuesday 23 January Rapid Engine Tour 12+1 Rounds 9 Starts 1600 ST"]
[Site "Infinity Chess"]
[Date "2018.1.23"]
[Round "4"]
[White "NINJA_JENGKA"]
[Black "star99"]
[Result "1/2-1/2"]
[ECO "B90"]
[WhiteElo "2453"]
[BlackElo "2435"]
[WhiteEngine "Houdini 6"]
[BlackEngine "Cryptic AIL V2"]
[EventType "Swiss"]
[WhiteTeam ""]
[BlackTeam ""]
[PlyCount "118"]
[TimeControl "720+1"]

1. e4 c5 2. Nf3 d6 3. d4 cxd4 4. Nxd4 Nf6 5. Nc3 a6 6. Be3 e5 7. Nb3 Be7 
8. Be2 Be6 9. O-O O-O 10. Qd3 Nc6 11. a3 Na5 12. Nxa5 Qxa5 13. Rfd1 Rac8 
14. h3 b5 15. Bd2 Qb6 16. Bg5 Qb7 17. a4 bxa4 18. Rdb1 Rc4 19. Rxa4 Rxa4 
20. Nxa4 Rc8 21. b3 d5 22. Qxa6 Qxa6 23. Bxa6 Rxc2 24. exd5 Nxd5 25. Bxe7 Nxe7 
26. b4 Bc4 27. b5 f5 28. Bb7 Ra2 29. Nb6 Be6 30. Bf3 Kf7 31. Bd1 Ra5 32. Be2 Ra2 
33. Bf1 Rc2 34. Bd3 Rc3 35. Be2 Ke8 36. Na4 Rb3 37. Rxb3 Bxb3 38. Nc5 Bd5 
39. b6 Kd8 40. f3 g6 41. Kf2 Nc6 42. Bd3 Nb4 43. Bb5 Kc8 44. Bd7+ Kd8 
45. Bb5 Nc2 46. Bf1 e4 47. fxe4 fxe4 48. g4 e3+ 49. Kg3 Nd4 50. Bd3 h5 
51. gxh5 gxh5 52. Ba6 h4+ 53. Kxh4 e2 54. Bxe2 Nxe2 55. b7 Kc7 56. b8=Q+ Kxb8 
57. Kg4 Kc7 58. Kf5 Kd6 59. Ne4+ Ke7 1/2-1/2

[Event "Tuesday 23 January Rapid Engine Tour 12+1 Rounds 9 Starts 1600 ST"]
[Site "Infinity Chess"]
[Date "2018.1.23"]
[Round "4"]
[White "KhalidOmar"]
[Black "MarioDeMonti"]
[Result "1-0"]
[ECO "D12"]
[WhiteElo "2456"]
[BlackElo "2478"]
[WhiteEngine "Eman 1.67 64-bit BMI2"]
[BlackEngine "stockfish_x64_bmi2_2018_01_13_CTG"]
[EventType "Swiss"]
[WhiteTeam ""]
[BlackTeam ""]
[PlyCount "185"]
[TimeControl "720+1"]

1. d4 d5 2. c4 c6 3. Nf3 Nf6 4. e3 Bf5 5. Nc3 e6 6. Nh4 Bg6 7. Be2 dxc4 
8. Nxg6 hxg6 9. Bxc4 Qc7 10. h3 Nbd7 11. Bd2 O-O-O 12. Be2 Kb8 13. O-O Bb4 
14. a3 Bxc3 15. bxc3 e5 16. Be1 exd4 17. cxd4 Nb6 18. Rb1 g5 19. Ba5 Rd5 
20. Be1 Rd7 21. Rb3 Nbd5 22. Bf3 Re7 23. Bd2 Ka8 24. a4 g6 25. a5 a6 26. Bc1 Re6 
27. Ba3 Qxa5 28. Bc5 Nd7 29. Qc2 Nxc5 30. dxc5 Rb8 31. Rc1 f5 32. Qb2 Qd8 
33. Rb1 Qf6 34. Qa3 Nc7 35. Rb6 Qh8 36. Qb4 Qc8 37. Qa5 Qe8 38. Qb4 Qc8 
39. Qa4 Qh8 40. Qb3 Qc8 41. Qd1 Rf6 42. Qd4 Re6 43. Qb2 Ka7 44. Qd4 Qe8 
45. Qb4 Qc8 46. Qb2 Ka8 47. Qg7 Qd8 48. Be2 Re7 49. Qxg6 f4 50. Qd6 Re8 
51. exf4 Qxd6 52. cxd6 Nd5 53. d7 Rg8 54. R6b2 b5 55. fxg5 Rxg5 56. Bg4 Kb7 
57. Rc1 Rgg8 58. Rbc2 Rg6 59. Re2 Rd8 60. Re8 Rg8 61. Re6 Nb4 62. Bf3 Rxd7 
63. Rexc6 Ka7 64. Rf6 a5 65. Rf5 Rb8 66. Rcc5 Ka6 67. Be2 Nd3 68. Rc3 Nb4 
69. Rcc5 Nd3 70. Rc6+ Rb6 71. Rc8 Re6 72. Ra8+ Kb6 73. Bg4 Rde7 74. Rb8+ Ka6 
75. Rfxb5 Re1+ 76. Kh2 Nxf2 77. Bc8+ Ka7 78. R5b7+ Rxb7 79. Rxb7+ Ka8 80. Rb5 a4 
81. Ra5+ Kb8 82. Bf5 Ne4 83. Rxa4 Nd6 84. Bg4 Re8 85. h4 Kc7 86. h5 Rf8 
87. Kg3 Kc6 88. Kh4 Kb5 89. Bd7+ Kc5 90. g4 Rd8 91. Bf5 Rh8 92. Ra6 Nf7 93. g5 
1-0

[Event "Tuesday 23 January Rapid Engine Tour 12+1 Rounds 9 Starts 1600 ST"]
[Site "Infinity Chess"]
[Date "2018.1.23"]
[Round "4"]
[White "Marsell"]
[Black "ivrdurant"]
[Result "1/2-1/2"]
[ECO "C53"]
[WhiteElo "2496"]
[BlackElo "2393"]
[WhiteEngine "asmFishW_2018-01-11_popcnt"]
[BlackEngine "Raubfisch X37b3._CTG"]
[EventType "Swiss"]
[WhiteTeam ""]
[BlackTeam ""]
[PlyCount "98"]
[TimeControl "720+1"]

1. e4 e5 2. Nf3 Nc6 3. Bc4 Bc5 4. c3 Nf6 5. d3 O-O 6. O-O d6 7. h3 a5 8. Nbd2 h6 
9. Re1 Be6 10. b3 Bb6 11. a4 d5 12. Bb5 Ne7 13. exd5 Nfxd5 14. Qc2 c6 
15. Bc4 Ng6 16. d4 Ndf4 17. dxe5 Nh4 18. Bf1 Bd5 19. Re4 Nfg6 20. Bc4 Re8 
21. g3 Nxf3+ 22. Nxf3 Qd7 23. Bxd5 cxd5 24. e6 Rxe6 25. Rxe6 Qxe6 26. Kg2 Rd8 
27. Ra2 Qe4 28. Qxe4 dxe4 29. Nd2 Rd3 30. Nxe4 f5 31. Nd2 Rxc3 32. Nc4 Rxc1 
33. Nxb6 Rb1 34. Nc4 Rxb3 35. Nxa5 Rb4 36. Ra3 f4 37. Rb3 Rxa4 38. Nxb7 fxg3 
39. fxg3 Ra2+ 40. Kf3 Ne5+ 41. Kf4 Nd7 42. Nd6 Ra6 43. Nf5 Nc5 44. Rb5 Ra4+ 
45. Kf3 Ra3+ 46. Kg2 Ra2+ 47. Kf3 Ra3+ 48. Kg2 Ra2+ 49. Kf3 Ra3+ 1/2-1/2

[Event "Tuesday 23 January Rapid Engine Tour 12+1 Rounds 9 Starts 1600 ST"]
[Site "Infinity Chess"]
[Date "2018.1.23"]
[Round "4"]
[White "Prometheus"]
[Black "Gilgamesch"]
[Result "1/2-1/2"]
[ECO "A13"]
[WhiteElo "2456"]
[BlackElo "2479"]
[WhiteEngine "Eman 1.58-64bit-IDeA"]
[BlackEngine "BrainFish_171005_x64_bmi2"]
[EventType "Swiss"]
[WhiteTeam ""]
[BlackTeam ""]
[PlyCount "136"]
[TimeControl "720+1"]

1. c4 e6 2. Nc3 d5 3. d4 c6 4. e4 dxe4 5. Nxe4 Bb4+ 6. Bd2 Qxd4 7. Bxb4 Qxe4+ 
8. Be2 Na6 9. Ba5 b6 10. Qd6 Bd7 11. Bc3 f6 12. O-O-O O-O-O 13. Qa3 Kb7 
14. Bf3 Qf4+ 15. Rd2 Qc7 16. Ne2 e5 17. Rhd1 Nh6 18. Ng3 Bg4 19. Bxg4 Nxg4 
20. Ne4 Rxd2 21. Rxd2 Rd8 22. c5 Rxd2 23. Bxd2 Nxc5 24. Nxc5+ bxc5 25. Qxc5 Nxh2 
26. Be3 Ka8 27. Qc4 h5 28. f3 f5 29. Bd2 f4 30. Qc5 Nf1 31. Bc3 g5 32. Bxe5 Qb6 
33. Qf8+ Kb7 34. Qb8+ Ka6 35. Qc8+ Kb5 36. Bc3 Ne3 37. b3 Kc5 38. Qh8 Kb5 
39. Qc8 Kc5 40. Qe8 Nd5 41. Qe5 Kb5 42. Bd4 Qb7 43. Qxg5 Qh7 44. Qd8 Qd3 
45. Qb8+ Nb6 46. Bxb6 axb6 47. Qxf4 Qf1+ 48. Kb2 Qxg2+ 49. Ka3 Qe2 50. Qa4+ Kc5 
51. Qb4+ Kd5 52. Qxb6 Qe5 53. Qa5+ Ke6 54. Qa4 Qd6+ 55. Kb2 Qe5+ 56. Kb1 Qe1+ 
57. Kb2 Qe2+ 58. Ka3 Qd2 59. Qe4+ Kf6 60. b4 Qd5 61. Qxd5 cxd5 62. b5 Ke7 
63. f4 h4 64. b6 Kd6 65. f5 h3 66. b7 Kc7 67. f6 h2 68. f7 Kxb7 1/2-1/2

[Event "Tuesday 23 January Rapid Engine Tour 12+1 Rounds 9 Starts 1600 ST"]
[Site "Infinity Chess"]
[Date "2018.1.23"]
[Round "4"]
[White "SkyPilot"]
[Black "RonWeasley"]
[Result "1/2-1/2"]
[ECO "C11"]
[WhiteElo "2477"]
[BlackElo "2516"]
[WhiteEngine "stockfish_x64_bmi2_2018_01_13_CTG"]
[BlackEngine "BrainFish 130117_CTG"]
[EventType "Swiss"]
[WhiteTeam ""]
[BlackTeam ""]
[PlyCount "67"]
[TimeControl "720+1"]

1. e4 e6 2. d4 d5 3. Nc3 Nf6 4. e5 Nfd7 5. f4 c5 6. Nf3 Nc6 7. Be3 cxd4 
8. Nxd4 Qb6 9. a3 Bc5 10. Na4 Qa5+ 11. c3 Bxd4 12. Bxd4 Nxd4 13. Qxd4 b6 
14. Qb4 Qxb4 15. axb4 Ke7 16. Bb5 Bb7 17. b3 f6 18. Nb2 fxe5 19. Bxd7 Kxd7 
20. fxe5 Rhf8 21. Rf1 Rxf1+ 22. Kxf1 a5 23. bxa5 Rxa5 24. Rxa5 bxa5 25. Nd3 Ba6 
26. Ke2 Kc6 27. h4 h5 28. Ke3 Bxd3 29. Kxd3 Kb5 30. g3 Kb6 31. Kd4 Kb5 
32. Kd3 Kb6 33. Ke3 Kb5 34. Kd3 1/2-1/2

[Event "Tuesday 23 January Rapid Engine Tour 12+1 Rounds 9 Starts 1600 ST"]
[Site "Infinity Chess"]
[Date "2018.1.23"]
[Round "3"]
[White "BraveDevil"]
[Black "Katzenmaier"]
[Result "1/2-1/2"]
[ECO "C77"]
[WhiteElo "2396"]
[BlackElo "2468"]
[WhiteEngine "Cryptic AIL V2"]
[BlackEngine "SugaR XPrO x64 POPCNT_CTG"]
[EventType "Swiss"]
[WhiteTeam ""]
[BlackTeam ""]
[PlyCount "110"]
[TimeControl "720+1"]

1. e4 e5 2. Nf3 Nc6 3. Bb5 a6 4. Ba4 Nf6 5. O-O Be7 6. d3 b5 7. Bb3 O-O 8. a4 b4 
9. a5 d6 10. Nbd2 Be6 11. h3 Bxb3 12. Nxb3 h6 13. Re1 Qd7 14. Qe2 Nh7 
15. d4 Nxd4 16. Nbxd4 exd4 17. Nxd4 Bf6 18. Nf5 Qc6 19. Bd2 Qxc2 20. Bxb4 Qxe2 
21. Rxe2 Rfb8 22. Ba3 Nf8 23. Rc1 Ne6 24. b4 Rb5 25. Kf1 Bg5 26. Rc4 h5 
27. h4 Bf6 28. g3 g6 29. Ne3 c5 30. Rd2 Bd4 31. Nc2 cxb4 32. Bxb4 Bc5 
33. Bc3 Rab8 34. Ne3 Rb1+ 35. Ke2 R8b5 36. Rc2 Rh1 37. Nd5 Rh2 38. Nf6+ Kf8 
39. Nd7+ Ke7 40. Nxc5 dxc5 41. Rc1 Rb3 42. Rd1 Ra3 43. Rd2 Rh1 44. Rb2 Rh2 
45. Rb7+ Ke8 46. Rb8+ Kd7 47. Rb7+ Ke8 48. Rb6 Kd7 49. Rxa6 Ra2+ 50. Bd2 Rh1 
51. Kd3 Nd4 52. Ra7+ Kc6 53. Ra6+ Kd7 54. Ra7+ Kc6 55. Ra6+ Kd7 1/2-1/2

[Event "Tuesday 23 January Rapid Engine Tour 12+1 Rounds 9 Starts 1600 ST"]
[Site "Infinity Chess"]
[Date "2018.1.23"]
[Round "3"]
[White "OlivierEvan"]
[Black "Thinker"]
[Result "1/2-1/2"]
[ECO "C77"]
[WhiteElo "2394"]
[BlackElo "2407"]
[WhiteEngine "Houdini 6"]
[BlackEngine "BrainFish_180113_x64_modern_CTG"]
[EventType "Swiss"]
[WhiteTeam ""]
[BlackTeam ""]
[PlyCount "123"]
[TimeControl "720+1"]

1. e4 e5 2. Nf3 Nc6 3. Bb5 a6 4. Ba4 Nf6 5. d3 Bc5 6. c3 b5 7. Bb3 d6 8. Bg5 O-O 
9. O-O h6 10. Bh4 Rb8 11. Nbd2 Bb6 12. a4 g5 13. Bg3 b4 14. h3 Ba7 15. a5 Be6 
16. Ba4 Bd7 17. Nc4 Ne7 18. Bc2 Nh5 19. Bh2 Nf4 20. Ne3 bxc3 21. bxc3 c5 
22. Bb3 Ne2+ 23. Qxe2 Rxb3 24. h4 Nc6 25. Nd5 Kg7 26. Nd2 Rb2 27. Rfb1 Rxb1+ 
28. Rxb1 Be6 29. Rb7 Bb8 30. hxg5 hxg5 31. Rb6 Nxa5 32. Rxa6 Bc8 33. Rb6 Bc7 
34. Rb1 Nc6 35. Nf1 Ne7 36. Nde3 d5 37. g4 d4 38. cxd4 cxd4 39. Nf5+ Nxf5 
40. exf5 Qd5 41. Ng3 f6 42. Qc2 Bd6 43. Ne4 Bd7 44. Rb6 Be7 45. Qc7 Bd8 
46. Nxf6 Bxc7 47. Nxd5 Bxb6 48. Bxe5+ Kg8 49. Nxb6 Bc6 50. f4 gxf4 51. Kf2 Bb5 
52. Bxd4 Rd8 53. Be5 Rxd3 54. Bxf4 Bc6 55. Be3 Kf7 56. Nc4 Kf6 57. Nd2 Bb7 
58. Nf3 Bxf3 59. Kxf3 Ke5 60. g5 Kxf5 61. Kf2 Ke4 62. Bb6 1/2-1/2

[Event "Tuesday 23 January Rapid Engine Tour 12+1 Rounds 9 Starts 1600 ST"]
[Site "Infinity Chess"]
[Date "2018.1.23"]
[Round "3"]
[White "angriff"]
[Black "Wolle"]
[Result "1/2-1/2"]
[ECO "D11"]
[WhiteElo "2432"]
[BlackElo "2482"]
[WhiteEngine "Raubfisch ME262_GTZ16b2_CTG"]
[BlackEngine "Raubfisch X37a2_CTG"]
[EventType "Swiss"]
[WhiteTeam ""]
[BlackTeam ""]
[PlyCount "145"]
[TimeControl "720+1"]

1. d4 d5 2. c4 c6 3. Nf3 Nf6 4. e3 e6 5. Bd3 dxc4 6. Bxc4 Nbd7 7. O-O Bd6 
8. Re1 O-O 9. e4 e5 10. h3 Qc7 11. Nxe5 Nxe5 12. dxe5 Bxe5 13. Nd2 Bh2+ 
14. Kh1 Nd7 15. Nf3 Bd6 16. Qc2 Ne5 17. Nxe5 Bxe5 18. Be3 a5 19. Qc1 Qe7 
20. f4 Bc7 21. Bc5 Bd6 22. Bxd6 Qxd6 23. e5 Qd4 24. Rd1 Qf2 25. Rf1 Qd4 
26. Qc2 Bf5 27. Qxf5 Qxc4 28. b3 Qe6 29. Qc2 f6 30. Rfe1 fxe5 31. Rxe5 Qf7 
32. Rf1 Rfe8 33. Rf5 Qe6 34. Rd1 h6 35. Kh2 Re7 36. a4 Kh8 37. Qd3 Kg8 
38. Qc2 Rf8 39. Rxf8+ Kxf8 40. Qc5 Qf6 41. Kg1 Kg8 42. Qxa5 Qxf4 43. Qd8+ Qf8 
44. Qxf8+ Kxf8 45. Rd8+ Kf7 46. Kf2 Kf6 47. Kf3 Ke5 48. g3 c5 49. Ke3 b5 
50. axb5 Rb7 51. Re8+ Kd5 52. Kd2 Rxb5 53. Rd8+ Ke5 54. Kc3 Rb4 55. Rc8 Kd6 
56. Rd8+ Ke5 57. g4 g5 58. Re8+ Kf6 59. Rf8+ Ke5 60. Rc8 Rf4 61. Rxc5+ Kd6 
62. b4 Rf3+ 63. Kb2 Rxh3 64. Rc4 Kd5 65. Rc2 Rh4 66. Rc5+ Kd6 67. Rc4 h5 
68. Kc3 hxg4 69. Rc5 g3 70. Rxg5 Rh3 71. b5 Rh4 72. Rxg3 Kc5 73. Rg5+ 1/2-1/2

[Event "Tuesday 23 January Rapid Engine Tour 12+1 Rounds 9 Starts 1600 ST"]
[Site "Infinity Chess"]
[Date "2018.1.23"]
[Round "3"]
[White "hafaba"]
[Black "Dinkelberger"]
[Result "1/2-1/2"]
[ECO "A00"]
[WhiteElo "2419"]
[BlackElo "2376"]
[WhiteEngine "Stockfish SL FA POPCNT_CTG"]
[BlackEngine "stockfish_18011309_x64_modern_CTG"]
[EventType "Swiss"]
[WhiteTeam ""]
[BlackTeam ""]
[PlyCount "147"]
[TimeControl "720+1"]

1. g3 e5 2. c4 Nf6 3. Bg2 Nc6 4. Nc3 Bb4 5. Nd5 O-O 6. a3 Bc5 7. b4 Bd4 
8. Rb1 d6 9. Nf3 Bb6 10. Nxf6+ Qxf6 11. d3 a5 12. b5 Nd4 13. Nxd4 exd4 
14. h3 Rb8 15. Bd2 Re8 16. Kf1 Qe7 17. Bf3 Bc5 18. Bxa5 Bxa3 19. Bb4 Bxb4 
20. Rxb4 Qe5 21. Qc1 b6 22. Kg2 Bb7 23. Ra4 Bxf3+ 24. exf3 Qe2 25. Qd1 Kf8 
26. f4 f5 27. g4 g6 28. Ra7 Rbc8 29. g5 Qxd1 30. Rxd1 Ke7 31. Rda1 Kd7 32. h4 h5 
33. Kf1 Rb8 34. R7a3 Rbc8 35. Ra7 Rcd8 36. R1a6 Rb8 37. Ra4 Kd8 38. Kg1 Re1+ 
39. Kg2 Kd7 40. Ra2 Rc8 41. R2a6 Rb8 42. Ra4 Rd1 43. Ra3 Re8 44. R3a6 Rxd3 
45. Rxb6 Rc3 46. Rc6 Rc8 47. Kf1 d3 48. Ke1 Rc2 49. f3 Rh2 50. c5 dxc5 
51. Kd1 Rxh4 52. Raa6 Rxf4 53. Rxg6 Re8 54. b6 Rxf3 55. bxc7 Rfe3 56. Kd2 Kxc7 
57. Rac6+ Kb7 58. Rb6+ Kc8 59. Rgc6+ Kd8 60. Rd6+ Kc7 61. Rbc6+ Kb8 62. g6 Re2+ 
63. Kxd3 R8e3+ 64. Kc4 Kb7 65. Rb6+ Kc7 66. g7 Re4+ 67. Kb3 R4e3+ 68. Kc4 Re4+ 
69. Kb3 R4e3+ 70. Ka4 Re4+ 71. Ka3 R4e3+ 72. Ka4 Re4+ 73. Ka3 R4e3+ 74. Ka4 
1/2-1/2

[Event "Tuesday 23 January Rapid Engine Tour 12+1 Rounds 9 Starts 1600 ST"]
[Site "Infinity Chess"]
[Date "2018.1.23"]
[Round "3"]
[White "Ninja_Bp"]
[Black "Dovahkiin"]
[Result "1/2-1/2"]
[ECO "C11"]
[WhiteElo "2433"]
[BlackElo "2426"]
[WhiteEngine "Houdini 6_CTG"]
[BlackEngine "BrainFish_180113_x64_modern_CTG"]
[EventType "Swiss"]
[WhiteTeam ""]
[BlackTeam ""]
[PlyCount "205"]
[TimeControl "720+1"]

1. e4 e6 2. d4 d5 3. Nc3 Nf6 4. e5 Nfd7 5. f4 c5 6. Nf3 Nc6 7. Be3 cxd4 
8. Nxd4 Qb6 9. Qd2 Qxb2 10. Rb1 Qa3 11. Bb5 Nxd4 12. Bxd4 a6 13. Bxd7+ Bxd7 
14. Rb3 Qe7 15. Rxb7 Rc8 16. O-O Qd8 17. Qe3 Rc4 18. Rfb1 Be7 19. f5 Bg5 
20. Qd3 O-O 21. Ne4 Bc8 22. Bb6 Be3+ 23. Qxe3 Qh4 24. Nf6+ gxf6 25. Rc7 exf5 
26. Rxc4 dxc4 27. exf6 Kh8 28. Bc7 Rg8 29. Bg3 Qg4 30. Qf4 c3 31. a3 Be6 
32. Qxg4 fxg4 33. Rb6 Ra8 34. Rc6 Rc8 35. Rxa6 h6 36. Ra7 Rd8 37. Bf4 Rd1+ 
38. Kf2 Kh7 39. Rc7 Kg6 40. Rxc3 Bf5 41. Ke2 Rg1 42. g3 h5 43. Ke3 Rf1 
44. a4 Re1+ 45. Kd2 Ra1 46. Rc4 Bd7 47. Rc5 Rxa4 48. Rg5+ Kxf6 49. Rxh5 Bf5 
50. Kc3 Re4 51. Rh6+ Bg6 52. Kb3 Kg7 53. Rh4 Bf5 54. Rh5 Be6+ 55. Kc3 Kf6 
56. Rh8 Rc4+ 57. Kd3 Rc5 58. c3 Ra5 59. Be3 Ra2 60. Bd4+ Kg6 61. Bb6 Bf5+ 
62. Kc4 Be6+ 63. Kb5 Kf5 64. Bd4 Rb2+ 65. Kc6 Kg6 66. Kd6 Kf5 67. Rh7 Rc2 
68. Rh6 Ke4 69. Rh8 Kf5 70. Bg7 Re2 71. Rh4 Rd2+ 72. Bd4 Ke4 73. Kc6 Kf3 
74. Kc5 Rc2 75. Kd6 Rd2 76. Rh5 Rc2 77. Ke7 Rb2 78. Rh6 Ke4 79. Rh8 Rb7+ 
80. Kd6 Rb2 81. Bg7 Rd2+ 82. Kc7 Rb2 83. Rh7 Kf3 84. Bf6 Bd5 85. Rh5 Bc4 
86. Rh4 Be6 87. Kd6 Ra2 88. Rh8 Ke3 89. Bd4+ Kd3 90. Ke5 Rc2 91. Rh4 Re2+ 
92. Kd6 Ra2 93. Bf6 Ra5 94. Ke7 Ra6 95. h3 gxh3 96. g4 Ke3 97. Rxh3+ Kf4 
98. c4 Rc6 99. Rh1 Kxg4 100. Rh2 Bxc4 101. Rh4+ Kf5 102. Rxc4 Rxc4 103. Kxf7 
1/2-1/2

[Event "Tuesday 23 January Rapid Engine Tour 12+1 Rounds 9 Starts 1600 ST"]
[Site "Infinity Chess"]
[Date "2018.1.23"]
[Round "3"]
[White "star99"]
[Black "Longin"]
[Result "1/2-1/2"]
[ECO "E10"]
[WhiteElo "2434"]
[BlackElo "2451"]
[WhiteEngine "Cryptic AIL V2"]
[BlackEngine "S_XPrO.251117.x64.POPCNT_CTG"]
[EventType "Swiss"]
[WhiteTeam ""]
[BlackTeam ""]
[PlyCount "93"]
[TimeControl "720+1"]

1. d4 Nf6 2. c4 e6 3. Nf3 d5 4. e3 c5 5. a3 a6 6. dxc5 Bxc5 7. Nc3 Bd6 
8. cxd5 exd5 9. b4 O-O 10. Bb2 Nc6 11. Be2 Be6 12. O-O b5 13. a4 bxa4 
14. b5 axb5 15. Nxb5 Be7 16. Rxa4 Qb6 17. Qa1 Qb7 18. Nfd4 Bd7 19. Nxc6 Bxc6 
20. Ra7 Rxa7 21. Nxa7 Bd7 22. Rb1 Rb8 23. Bd3 Qa8 24. Nb5 Qxa1 25. Bxa1 Bc6 
26. f3 Nd7 27. Nd4 Rxb1+ 28. Bxb1 Bb7 29. g4 g6 30. Kg2 Nc5 31. Bc2 f6 
32. Bc3 Kf7 33. Bb4 Ba6 34. h4 Bc4 35. g5 Ne6 36. Bxe7 Kxe7 37. Nxe6 Kxe6 
38. Kf2 fxg5 39. hxg5 Kd6 40. f4 Bb5 41. f5 gxf5 42. Bxf5 Ke5 43. Bxh7 d4 
44. exd4+ Kxd4 45. Bg8 Ke5 46. Kg3 Kf5 47. Kh4 1/2-1/2

[Event "Tuesday 23 January Rapid Engine Tour 12+1 Rounds 9 Starts 1600 ST"]
[Site "Infinity Chess"]
[Date "2018.1.23"]
[Round "3"]
[White "NINJA_JENGKA"]
[Black "KhalidOmar"]
[Result "1/2-1/2"]
[ECO "D02"]
[WhiteElo "2453"]
[BlackElo "2456"]
[WhiteEngine "Houdini 6"]
[BlackEngine "Eman 1.67 64-bit BMI2"]
[EventType "Swiss"]
[WhiteTeam ""]
[BlackTeam ""]
[PlyCount "77"]
[TimeControl "720+1"]

1. d4 d5 2. Nf3 e6 3. c4 Nf6 4. Nc3 c6 5. e3 Nbd7 6. Qc2 Bd6 7. Bd3 O-O 
8. O-O dxc4 9. Bxc4 a6 10. e4 e5 11. h3 b5 12. Bb3 c5 13. dxc5 Nxc5 14. Bg5 Nxb3 
15. axb3 Bb7 16. Nd5 Rc8 17. Qe2 Bxd5 18. exd5 h6 19. Bxf6 Qxf6 20. Qe4 Bb8 
21. Rfe1 Qb6 22. g4 g6 23. g5 hxg5 24. Nxg5 Kg7 25. Re3 Qd4 26. Qxd4 exd4 
27. Rd3 Bf4 28. Nf3 Rfd8 29. Rxa6 Rxd5 30. Rxd4 Rf5 31. Rd7 Be5 32. Nxe5 Rxe5 
33. Rad6 Rc2 34. Rd2 Rxd2 35. Rxd2 Re1+ 36. Kg2 Re4 37. Kg3 Kf6 38. Rd3 Rb4 
39. f3 1/2-1/2

[Event "Tuesday 23 January Rapid Engine Tour 12+1 Rounds 9 Starts 1600 ST"]
[Site "Infinity Chess"]
[Date "2018.1.23"]
[Round "3"]
[White "Eman"]
[Black "SkyPilot"]
[Result "0-1"]
[ECO "D11"]
[WhiteElo "2471"]
[BlackElo "2461"]
[WhiteEngine "Eman 1.67 64-bit POPCNT"]
[BlackEngine "stockfish_x64_bmi2_2018_01_13_CTG"]
[EventType "Swiss"]
[WhiteTeam ""]
[BlackTeam ""]
[PlyCount "154"]
[TimeControl "720+1"]

1. d4 d5 2. c4 c6 3. Nf3 Nf6 4. g3 e6 5. Bg2 b6 6. Ne5 Nfd7 7. f4 Be7 8. Nc3 Bb7 
9. b3 O-O 10. O-O c5 11. cxd5 cxd4 12. Nxf7 Qc8 13. Nb5 Kxf7 14. dxe6+ Kxe6 
15. Bxb7 Qxb7 16. b4 Nf6 17. e4 dxe3 18. Qb3+ Nd5 19. Bxe3 Na6 20. Rad1 Rad8 
21. Nc3 Nac7 22. Bd4 Bxb4 23. Ne4 Kf7 24. f5 Kg8 25. Be5 Ne8 26. a3 Ba5 
27. Nc5 Qc6 28. Ne6 Rd7 29. Nxf8 Kxf8 30. Qf3 b5 31. Kh1 Qb7 32. Rd3 Bb6 
33. h3 Bc5 34. Rb1 a6 35. Rc1 Be7 36. Bd4 Nef6 37. g4 h6 38. Rcd1 a5 39. Kg1 Nb6 
40. Qg2 Rc7 41. Qxb7 Rxb7 42. Rc3 Nbd5 43. Rf3 a4 44. Kf1 Kf7 45. Bf2 Nb6 
46. Bxb6 Rxb6 47. Rc3 Rb7 48. Re3 b4 49. axb4 Bxb4 50. Re6 Ra7 51. Rb1 Bc3 
52. Re2 a3 53. Ra2 Nd5 54. Rb3 Bb4 55. Kg2 Kf6 56. h4 Ke5 57. Kh3 Kd4 58. g5 Kc4 
59. Rg3 hxg5 60. hxg5 Bc3 61. Kg4 Kb3 62. Ra1 a2 63. Kh5 Kc4 64. Rd1 Be5 
65. Rc1+ Kd4 66. Rg4+ Nf4+ 67. Rxf4+ Bxf4 68. Ra1 Be5 69. f6 Bxf6 70. Rd1+ Kc4 
71. Rf1 a1=Q 72. Rf4+ Kd5 73. Rf5+ Be5 74. Rxe5+ Qxe5 75. Kg4 Ra3 76. g6 Rg3+ 
77. Kh4 Qg5# 0-1